Map: Frost LE

Players

Fropez - Winner!

  • Race: Protoss Protoss
  • League: Gold
  • Spawn Location: 1:00

WalnutSack

  • Race: Zerg Zerg
  • League: Gold
  • Spawn Location: 11:00

VOD

Have the link to the VOD?

Description

Time

  • Played on: Nov. 22, 2016, 10:25 a.m.
  • Length: 16:19
Show
View Real Time Build Order
Export as new Build Order

Fropez Protoss - Winner!

Build Orders: 1 Gate Expand 

Get SALT Encoding   

  12  0:03  Probe (Chrono Boost)  
  13  0:13  Probe (Chrono Boost)  
  14  0:18  Pylon  
  14  0:24  Probe (Chrono Boost)  
  15  0:29  Assimilator  
  15  0:36  Probe (Chrono Boost)  
  16  0:44  Gateway  
  16  0:49  Probe (Chrono Boost)  
  17  1:00  Probe (Chrono Boost), Assimilator  
  18  1:11  Probe (Chrono Boost), Gateway  
  19  1:23  Probe (Chrono Boost)  
  20  1:44  Nexus  
  20  1:47  Probe (Chrono Boost)  
  21  1:55  Pylon  
  21  1:59  Probe (Chrono Boost)  
  22  2:08  Cybernetics Core  
  22  2:15  Probe (Chrono Boost)  
  23  2:27  Pylon  
  23  2:29  Probe (Chrono Boost)  
  25  2:45  Mothership Core (Chrono Boost)  
  25  2:46  Warp Gate (Chrono Boost)  
  25  2:49  Robotics Facility  
  26  3:03  Probe  
  26  3:04  Stalker  
  29  3:11  Stalker  
  29  3:12  Probe  
  32  3:20  Pylon  
  32  3:21  Probe  
  32  3:24  Probe  
  34  3:34  Assimilator  
  34  3:35  Probe x2  
  34  3:37  Observer  
  37  3:45  Twilight Council  
  37  3:48  Stalker  
  37  3:54  Stalker  
  41  3:56  Probe  
  41  3:57  Probe  
  43  4:12  Probe x2  
  45  4:18  Gateway  
  45  4:23  Probe  
  45  4:24  Resonating Glaives (Chrono Boost), Probe  
  46  4:25  Immortal  
  51  4:43  Probe  
  51  4:45  Probe  
  53  4:47  Pylon  
  53  4:50  Pylon  
  53  4:56  Probe  
  53  4:57  Probe, Stalker x2  
  59  5:08  Immortal  
  59  5:13  Pylon  
  63  5:22  Probe  
  63  5:23  Probe, Assimilator  
  65  5:43  Stalker x2  
  69  6:01  Warp Prism  
  71  6:20  Nexus  
  71  6:21  Gateway  
  71  6:22  Gateway  
  71  6:24  Forge  
  71  6:25  Pylon  
  71  6:26  Forge  
  71  6:27  Pylon  
  71  6:30  Pylon  
  71  6:32  Charge (Chrono Boost)  
  63  7:09  Zealot x2  
  63  7:10  Zealot  
  60  7:29  Protoss Ground Weapons Level 1, Protoss Ground Armor Level 1  
  46  7:40  Probe x2  
  48  7:47  Probe  
  49  7:51  Gateway  
  49  7:52  Adept x2, Probe  
  49  7:53  Adept x2  
  49  7:54  Assimilator, Immortal  
  49  7:55  Probe  
  49  7:57  Pylon  
  59  8:04  Probe  
  63  8:05  Probe  
  59  8:47  Immortal  
  59  8:48  Assimilator  
  59  8:50  Pylon  
  63  9:02  Robotics Facility  
  61  9:12  Stalker x3  
  61  9:13  Stalker  
  69  9:26  Photon Cannon  
  69  9:28  Photon Cannon  
  69  9:30  Photon Cannon  
  69  9:32  Pylon  
  69  9:35  Photon Cannon  
  69  9:37  Photon Cannon, Zealot  
  69  9:38  Zealot x5  
  81  9:46  Probe  
  81  9:47  Probe x2  
  84  9:57  Protoss Ground Armor Level 2, Protoss Ground Weapons Level 2  
  84  9:59  Probe  
  75  10:01  Stalker x4  
  75  10:02  Stalker x2  
  75  10:06  Warp Prism  
  89  10:17  Probe  
  89  10:18  Probe  
  89  10:19  Probe  
  89  10:20  Photon Cannon  
  92  10:32  Probe x2  
  94  10:38  Nexus  
  94  10:40  Probe  
  94  10:41  Assimilator  
  95  10:44  Probe  
  95  10:45  Assimilator, Immortal  
  95  10:48  Pylon  
  72  11:19  Zealot x4  
  72  11:20  Zealot x2  
  80  11:36  Gateway x2  
  80  11:37  Probe  
  80  11:39  Probe x2  
  75  11:41  Templar Archives  
  75  11:43  Zealot  
  75  11:44  Zealot x5  
  75  11:47  Pylon  
  83  11:50  Immortal  
  87  11:57  Probe  
  87  11:58  Probe x2  
  83  12:15  Zealot  
  83  12:16  Zealot x5  
  89  12:36  Stalker x3  
  89  12:37  Stalker x3  
  83  13:00  Zealot x3  
  88  13:10  High Templar  
  88  13:11  High Templar x4  
  98  13:14  Archon  
  98  13:15  Archon  
  98  13:25  Gateway, Photon Cannon  
  98  13:31  Photon Cannon  
  98  13:33  Pylon  
  98  13:45  Protoss Ground Weapons Level 3 (Chrono Boost), Protoss Ground Armor Level 3 (Chrono Boost)  
  99  13:48  Observer  
  99  14:05  Stalker  
  99  14:07  Stalker x2  
  99  14:09  Nexus  
  106  14:10  Observer  
  106  14:13  Assimilator, Stalker  
  106  14:15  Stalker  
  106  14:16  Assimilator  
  100  14:39  Zealot x5  
  100  14:40  Zealot x3  
  107  14:53  Observer  
  103  15:00  High Templar x4  
  103  15:01  High Templar x4  
  119  15:07  Archon  
  119  15:08  Archon x2  
  119  15:09  Archon  
  99  15:34  High Templar x2  
  99  15:35  High Templar, Zealot  
  103  15:36  Zealot x5  
  102  15:57  Zealot x4  
  97  15:58  Zealot x2  
Show
View Real Time Build Order
Export as new Build Order

WalnutSack Zerg 

Build Orders: Hatch First 

Get SALT Encoding   

  12  0:01  Drone  
  13  0:09  Drone  
  14  0:19  Overlord  
  14  0:38  Drone x3  
  17  0:50  Drone  
  18  1:00  Drone  
  19  1:09  Hatchery  
  18  1:16  Spawning Pool  
  17  1:18  Drone  
  17  1:22  Drone  
  19  1:32  Drone  
  19  1:37  Extractor  
  19  1:45  Overlord  
  19  1:54  Drone  
  20  2:03  Queen  
  20  2:05  Drone  
  23  2:17  Extractor  
  23  2:20  Roach Warren  
  23  2:21  Evolution Chamber, Drone  
  21  2:25  Evolution Chamber  
  21  2:26  Drone  
  21  2:27  Queen  
  23  2:30  Drone  
  24  2:43  Drone  
  25  2:47  Drone  
  25  2:49  Drone x2  
  28  2:57  Zerg Ground Armor Level 1  
  28  3:02  Drone  
  29  3:13  Zerg Missile Weapons Level 1  
  29  3:15  Drone  
  29  3:17  Drone x2  
  32  3:22  Drone  
  33  3:29  Drone  
  33  3:30  Spore Crawler  
  33  3:32  Drone  
  34  3:38  Roach  
  36  3:47  Overlord  
  36  3:53  Spore Crawler  
  36  3:55  Drone  
  36  3:59  Lair  
  36  4:14  Drone x3  
  39  4:24  Pneumatized Carapace  
  39  4:30  Drone  
  39  4:31  Drone  
  41  4:32  Drone x3  
  43  4:48  Overlord  
  43  4:49  Overlord x2  
  43  4:57  Glial Reconstitution  
  43  5:07  Drone  
  43  5:08  Roach x2  
  43  5:11  Overseer  
  48  5:16  Drone  
  48  5:18  Roach x4  
  48  5:19  Roach x4  
  65  5:57  Overseer  
  65  6:06  Spore Crawler  
  65  6:07  Overlord  
  65  6:08  Overlord  
  65  6:10  Overlord  
  64  6:14  Overlord  
  64  6:21  Hatchery, Zerg Missile Weapons Level 2  
  63  6:25  Zerg Ground Armor Level 2  
  63  6:30  Extractor, Drone x3  
  63  6:31  Extractor  
  52  6:53  Roach x3  
  52  6:54  Roach x3  
  52  6:55  Zergling x14  
  51  7:26  Hatchery  
  46  7:43  Spire  
  46  7:44  Drone x2  
  49  8:05  Roach  
  49  8:06  Roach  
  51  8:32  Drone x3  
  49  8:41  Queen, Drone  
  50  8:43  Queen  
  50  8:45  Overlord x3  
  53  9:01  Drone x2  
  54  9:06  Corruptor  
  54  9:07  Corruptor x2  
  60  9:29  Roach  
  60  9:30  Roach x5  
  72  9:36  Drone  
  73  10:02  Roach x4  
  73  10:03  Roach x3  
  73  10:06  Drone x4  
  91  10:21  Overseer x2  
  91  10:26  Zerg Melee Weapons Level 1, Hatchery  
  91  10:27  Metabolic Boost  
  90  10:29  Zerg Flyer Weapons Level 1  
  90  10:32  Roach x6  
  90  10:33  Roach  
  104  10:38  Drone x5  
  109  10:47  Burrow  
  109  10:51  Infestation Pit  
  84  11:21  Drone x3  
  84  11:22  Drone x3  
  88  11:53  Spine Crawler, Drone x2  
  88  11:54  Queen, Spine Crawler  
  88  12:00  Roach x5  
  100  12:03  Hatchery  
  53  12:58  Drone x2  
  53  12:59  Drone  
  50  13:12  Roach  
  50  13:13  Roach x7  
  50  13:14  Roach  
  64  13:35  Roach x4  
  72  13:49  Roach x4  
  66  14:48  Zergling x20  
  66  14:49  Zergling x16  
  82  15:06  Roach  
  82  15:07  Roach x2  
  75  15:45  Hatchery  
Tags
 
Add a new tag
Caveats
  • Supply blocks, unpowered buildings, or Contaminate may cause inaccurate times.
  • Supply counts are checked every 10 seconds.